 Dungeon Crawl Stone Soup version 0.27-a0-1500-g450c7e4133 (webtiles) character file.

Game seed: 16040465223660101091

4 lunkers the Magician (level 1, 0/18 HPs)
             Began as a Djinni Warper on July 7, 2021.
             Slain by a bat (1 damage)
             ... on level 1 of the Dungeon.
             The game lasted 00:00:22 (288 turns).

lunkers the Magician (Djinni Warper)                 Turns: 288, Time: 00:00:23

Health: 0/18       AC:  3    Str: 10    XL:     1   Next: 66%
Gold:   41         EV: 11    Int: 14    God:
                   SH:  0    Dex: 12

rFire    + + .     SeeInvis .     - Unarmed
rCold    x . .     Faith    .   (no shield)
rNeg     . . .     Spirit   .   a - +0 leather armour
rPois    ∞         Reflect  .   (no helmet)
rElec    .         Harm     .   (no cloak)
rCorr    .         Rampage  .   (no gloves)
Will     .....                  (boots unavailable)
Stlth    +.........             (no amulet)
HPRegen  0.06/turn              (no ring)
MPRegen  0.00/turn              (no ring)

@: flying
A: sickness immunity, fire resistance 2, cold vulnerability 1, float, innate
caster, hp casting, extra vitality 1
a: no special abilities


You were on level 1 of the Dungeon.
You visited 1 branch of the dungeon, and saw 1 of its levels.

You collected 41 gold pieces.

Inventory:

Missiles
 c - 3 boomerangs of dispersal
Armour
 a - a +0 leather armour (worn)
Scrolls
 b - a scroll of blinking


   Skills:
 - Level 2.0 Fighting
 - Level 0.7 Throwing
 - Level 1.0 Armour
 - Level 2.1 Dodging
 * Level 2.2 Unarmed Combat
 + Level 2.4 Spellcasting


You couldn't memorise any spells.
You knew the following spells:

 Your Spells              Type           Power      Damage    Failure   Level
b - Lesser Beckoning      Tloc           4%         N/A       32%         3
c - Gell's Gravitas       Tloc           4%         N/A       32%         3
d - Teleport Other        Tloc           8%         N/A       32%         3
e - Manifold Assault      Tloc           8%         N/A       97%         5
p - Blink                 Tloc           N/A        N/A       17%         2
Your spell library was empty.

Dungeon Overview and Level Annotations

Branches:
Dungeon (1/15)

Altars:


Innate Abilities, Weirdness & Mutations

You are immune to sickness and miasma.
You are immune to poison.
Your flesh is very heat resistant. (rF++)
You are vulnerable to cold. (rC-)
You float through the air rather than walking.
You learn spells naturally, not from books.
Your magical power is your life essence.
You have superior vitality. (+4 HP)


Message History

You closely miss the quokka.
The quokka is lightly wounded.
The quokka barely misses you.
You hit the quokka but do no damage.
The quokka is lightly wounded.
The quokka bites you.
* * * LOW HITPOINT WARNING * * *
You hit the quokka.
The quokka is moderately wounded.
The quokka barely misses you. x2
You barely miss the quokka.
The quokka is moderately wounded.
The quokka barely misses you.
You hit the quokka.
The quokka is almost dead.
The quokka barely misses you.
You hit the quokka but do no damage.
The quokka is almost dead.
The quokka bites you.
* * * LOW HITPOINT WARNING * * *
You hit the quokka.
You kill the quokka!
The bat closely misses you.
You miss the quokka. The quokka closely misses you.
You miss the quokka. The quokka barely misses you.
You barely miss the quokka. The quokka bites you.
* * * LOW HITPOINT WARNING * * *
You miss the quokka. The quokka misses you.
You hit the quokka.
The quokka is moderately wounded.
The quokka bites you.
* * * LOW HITPOINT WARNING * * *
The quokka misses you. The bat hits you but does no damage. The bat hits you.
* * * LOW HITPOINT WARNING * * *
There is an open door here.
The bat barely misses you. The bat hits you.
You die...

#.........##.....##.
+.........'†........
#.........##.....##.
#.......###........
##.....## #####....
##...## .#. ##r## .$
#b# # #@# ##.##
##...## ####.....#
....#...#####
###.........#######.
.##..#..............
........###.########
###..#.## #.#


You could see a quokka and a bat.

Vanquished Creatures
  An endoplasm (D:1)
  A hobgoblin (D:1)
  A quokka (D:1)
3 creatures vanquished.

Notes
Turn   | Place    | Note
-------+----------+-------------------------------------------
     0 | D:1      | lunkers the Djinni Warper began the quest for the Orb.
     0 | D:1      | Reached XP level 1. HP: 18/18 MP: 0/0
   288 | D:1      | Slain by a bat

Illustrated notes

Levels and vault maps discovered:
D:1:      scummos_arrival_forest, layout_loops_corners, serial_shops,
          nicolae_shop_window_shopping, roderic_serpentine_path,
          minmay_misc_feat_columns

Action                   || total
-------------------------++-------
Melee: Unarmed           ||    25
Throw: Boomerang         ||     2
Armor: Leather armour    ||     5
Dodge: Dodged            ||    18

Table legend: (Time is in decaauts)
 A = Elapsed time spent in this place.
 B = Non-inter-level travel time spent in this place.
 C = Inter-level travel time spent in this place.
 D = Time resting spent in this place.
 E = Time spent auto-exploring this place.
 F = Levels seen in this place.
 G = Mean time per level.
                   A        B        C        D        E       F      G
               +--------+--------+--------+--------+--------+-----+--------+
         Total |    287 |    287 |      0 |      0 |    245 |   1 |  287.0 |
       Dungeon |    287 |    287 |      0 |      0 |    245 |   1 |  287.0 |
               +--------+--------+--------+--------+--------+-----+--------+

Top non-repeatable levels by time:
     D:1: 287 daAuts
